TOP OF THE 1ST |
Los Angeles Dodgers batting - Pitching for Arizona Diamondbacks : RHP Dinelson Lamet
|
Pitching: RHP Dinelson Lamet
|
|
Batting: RHB Jose Peraza
|
0-0: Bunt for hit to 2R - play at first, batter OUT! 2-3
|
Batting: RHB Mookie Betts
|
0-0: Ball 1-0: SOLO HOME RUN (Line Drive, 78XD, EV 104.4 MPH), Distance : 396 ft
|
Batting: RHB Jonathan Schoop
|
0-0: Called Strike 0-1: Ball 1-1: Called Strike 1-2: Strikes out swinging
|
Batting: LHB Brian Goodwin
|
0-0: Ball 1-0: Called Strike 1-1: Fly out, F7 (Flyball, 7S, EV 77.5 MPH)
|
Top of the 1st over - 1 run, 1 hit, 0 errors, 0 left on base; Los Angeles 1 - Arizona 0 |
BOTTOM OF THE 1ST |
Arizona Diamondbacks batting - Pitching for Los Angeles Dodgers : RHP Jeff Samardzija
|
Pitching: RHP Jeff Samardzija
|
|
Batting: LHB Raimel Tapia
|
0-0: Ball 1-0: Ball 2-0: Called Strike 2-1: Single, Error in OF, E8, batter to second base (Line Drive, 78M, EV 85.0 MPH)
|
Batting: LHB Socrates Brito
|
0-0: Ball 1-0: Ball 2-0: Sac Bunt to 5S - play at first, batter OUT! 5-3 Raimel Tapia to third
|
Batting: RHB Gleyber Torres
|
0-0: Ball 1-0: Ground out 6-3 (Groundball, 6S, EV 64.4 MPH) Raimel Tapia scores
|
Batting: LHB Ryan McMahon
|
0-0: SINGLE (Groundball, 6, EV 100.0 MPH) (infield hit)
|
Batting: SHB Francisco Mejia
|
0-0: Ball 1-0: Ball 2-0: Ball Ryan McMahon steals 2nd base 3-0: Called Strike 3-1: Base on Balls
|
Batting: LHB Josh Reddick
|
0-0: Ball 1-0: Called Strike 1-1: Fly out, F9 (Flyball, 89D, EV 105.0 MPH)
|
Bottom of the 1st over - 1 run, 2 hits, 1 error, 2 left on base; Los Angeles 1 - Arizona 1 |
TOP OF THE 2ND |
Los Angeles Dodgers batting - Pitching for Arizona Diamondbacks : RHP Dinelson Lamet
|
Batting: RHB Josh Donaldson
|
0-0: Ball 1-0: Ball 2-0: Ball 3-0: Base on Balls
|
Batting: RHB Randal Grichuk
|
0-0: Swinging Strike 0-1: Ball 1-1: Ball 2-1: Called Strike 2-2: Foul Ball, location: 2F 2-2: Strikes out looking
|
Batting: SHB Justin Smoak
|
0-0: Called Strike 0-1: Ball 1-1: Ball 2-1: Called Strike 2-2: Foul Ball, location: 2F 2-2: Strikes out swinging
|
Batting: RHB Evan Gattis
|
0-0: 2-RUN HOME RUN (Line Drive, 7D, EV 102.5 MPH), Distance : 411 ft
|
Batting: RHB Jeff Samardzija
|
0-0: Ball 1-0: Ball 2-0: Ball 3-0: Base on Balls
|
Batting: RHB Jose Peraza
|
0-0: Called Strike 0-1: Foul Ball, location: 2F 0-2: Ball 1-2: Ball 2-2: Foul Ball, location: 2F 2-2: Foul Ball, location: 2F 2-2: Strikes out swinging
|
Top of the 2nd over - 2 runs, 1 hit, 0 errors, 1 left on base; Los Angeles 3 - Arizona 1 |
BOTTOM OF THE 2ND |
Arizona Diamondbacks batting - Pitching for Los Angeles Dodgers : RHP Jeff Samardzija
|
Batting: RHB Tim Beckham
|
0-0: Foul Ball, location: 2F 0-1: Swinging Strike 0-2: Strikes out swinging
|
Batting: RHB Zack Short
|
0-0: Ball 1-0: Ball 2-0: Ball 3-0: Called Strike 3-1: Ground out 4-3 (Groundball, 34, EV 83.1 MPH)
|
Batting: RHB Dinelson Lamet
|
0-0: Ball 1-0: Ball 2-0: Called Strike 2-1: Swinging Strike 2-2: Strikes out looking
|
Bottom of the 2nd over - 0 runs, 0 hits, 0 errors, 0 left on base; Los Angeles 3 - Arizona 1 |
TOP OF THE 3RD |
Los Angeles Dodgers batting - Pitching for Arizona Diamondbacks : RHP Dinelson Lamet
|
Batting: RHB Mookie Betts
|
0-0: Ball 1-0: Foul Ball, location: 2F 1-1: Fly out, F7 (Line Drive, 7, EV 101.9 MPH)
|
Batting: RHB Jonathan Schoop
|
0-0: Ball 1-0: Swinging Strike 1-1: Ball 2-1: Foul Ball, location: 2F 2-2: Ball 3-2: Hit by Pitch
|
Batting: LHB Brian Goodwin
|
0-0: Ball 1-0: Ball 2-0: Called Strike 2-1: Ball 3-1: Called Strike 3-2: Foul Ball, location: 2F 3-2: Strikes out swinging
|
Batting: RHB Josh Donaldson
|
0-0: Ground out 2-3 (Groundball, 15S, EV 75.0 MPH)
|
Top of the 3rd over - 0 runs, 0 hits, 0 errors, 1 left on base; Los Angeles 3 - Arizona 1 |
BOTTOM OF THE 3RD |
Arizona Diamondbacks batting - Pitching for Los Angeles Dodgers : RHP Jeff Samardzija
|
Batting: LHB Raimel Tapia
|
0-0: Ball 1-0: DOUBLE (Flyball, 78XD, EV 94.4 MPH)
|
Batting: LHB Socrates Brito
|
0-0: Ball 1-0: Ground out 5-3 (Groundball, 5, EV 80.6 MPH)
|
Batting: RHB Gleyber Torres
|
0-0: Ball 1-0: Fly out, F7 (Flyball, 78D, EV 102.5 MPH)
|
Batting: LHB Ryan McMahon
|
0-0: Called Strike 0-1: Ground out 6-3 (Groundball, 6, EV 86.3 MPH)
|
Bottom of the 3rd over - 0 runs, 1 hit, 0 errors, 1 left on base; Los Angeles 3 - Arizona 1 |
TOP OF THE 4TH |
Los Angeles Dodgers batting - Pitching for Arizona Diamondbacks : RHP Dinelson Lamet
|
Batting: RHB Randal Grichuk
|
0-0: Ball 1-0: Ball 2-0: Ball 3-0: Ground out 1-3 (Groundball, 15, EV 87.5 MPH)
|
Batting: SHB Justin Smoak
|
0-0: SOLO HOME RUN (Flyball, 89XD, EV 94.4 MPH), Distance : 384 ft
|
Batting: RHB Evan Gattis
|
0-0: SOLO HOME RUN (Flyball, 7D, EV 97.5 MPH), Distance : 370 ft
|
Batting: RHB Jeff Samardzija
|
0-0: Ball 1-0: Foul Ball, location: 2F 1-1: Ball 2-1: Ball 3-1: Base on Balls
|
Pitching: RHP J.B. Wendelken
|
|
Batting: RHB Jose Peraza
|
0-0: Foul Ball, location: 2F 0-1: Ground out 3-1 (Groundball, 34S, EV 67.5 MPH) Jeff Samardzija to second
|
Batting: RHB Mookie Betts
|
0-0: Foul Ball, location: 2F 0-1: Foul Ball, location: 2F 0-2: Fly out, F8 (Flyball, 8LM, EV 88.8 MPH)
|
Top of the 4th over - 2 runs, 2 hits, 0 errors, 1 left on base; Los Angeles 5 - Arizona 1 |
BOTTOM OF THE 4TH |
Arizona Diamondbacks batting - Pitching for Los Angeles Dodgers : RHP Jeff Samardzija
|
Batting: SHB Francisco Mejia
|
0-0: SOLO HOME RUN (Flyball, 89XD, EV 90.0 MPH), Distance : 401 ft
|
Batting: LHB Josh Reddick
|
0-0: Ball 1-0: Called Strike 1-1: Swinging Strike 1-2: Ball 2-2: SINGLE (Flyball, 89S, EV 98.1 MPH)
|
Batting: RHB Tim Beckham
|
0-0: Called Strike 0-1: Fielders Choice at 2nd, 5-4 (Groundball, 5, EV 100.6 MPH)
|
Batting: RHB Zack Short
|
0-0: Ball 1-0: Ball 2-0: DOUBLE (Line Drive, 78M, EV 102.5 MPH) Tim Beckham to third
|
Batting: RHB J.B. Wendelken
|
0-0: Ball 1-0: SINGLE (Groundball, 6, EV 104.4 MPH) (infield hit) Tim Beckham scores Zack Short to third
|
Batting: LHB Raimel Tapia
|
0-0: Ball 1-0: Foul Ball, location: 2F 1-1: Ball 2-1: DOUBLE (Line Drive, 89M, EV 103.8 MPH) Zack Short scores J.B. Wendelken to third Runner from 3rd tries for Home, SAFE, throw by RF to trailing runner, SAFE at third!
|
Pitching: RHP Scott Oberg
|
|
Batting: LHB Socrates Brito
|
0-0: Called Strike 0-1: Ball 1-1: Ball 2-1: 2-RUN HOME RUN (Flyball, 9D, EV 95.6 MPH), Distance : 370 ft
|
Batting: RHB Gleyber Torres
|
0-0: SINGLE (Groundball, 56D, EV 102.5 MPH)
|
Batting: LHB Ryan McMahon
|
0-0: Called Strike 0-1: Swinging Strike 0-2: Ball 1-2: Ball 2-2: Foul Ball, location: 2F 2-2: Foul Ball, location: 2F 2-2: Foul Ball, location: 2F 2-2: Ball 3-2: Strikes out swinging
|
Batting: SHB Francisco Mejia
|
0-0: Foul Ball, location: 2F 0-1: Ball 1-1: SINGLE (Flyball, 8LS, EV 99.4 MPH) Gleyber Torres to second
|
Pinch Hitting: LHB Jake Cave
|
0-0: Ball 1-0: Foul Ball, location: 2F 1-1: Swinging Strike 1-2: Ball 2-2: Foul Ball, location: 2F 2-2: Fly out, F8 (Flyball, 8RD, EV 103.8 MPH)
|
Bottom of the 4th over - 6 runs, 8 hits, 0 errors, 2 left on base; Los Angeles 5 - Arizona 7 |
TOP OF THE 5TH |
Los Angeles Dodgers batting - Pitching for Arizona Diamondbacks : RHP J.B. Wendelken
|
Now in LF: Alex Verdugo
|
|
Batting: RHB Jonathan Schoop
|
0-0: Swinging Strike 0-1: Called Strike 0-2: Ball 1-2: Ball 2-2: Strikes out swinging
|
Batting: LHB Brian Goodwin
|
0-0: Called Strike 0-1: Ball 1-1: Foul Ball, location: 2F 1-2: Strikes out swinging
|
Batting: RHB Josh Donaldson
|
0-0: DOUBLE (Line Drive, 78D, EV 112.5 MPH)
|
Batting: RHB Randal Grichuk
|
0-0: Called Strike 0-1: Fly out, F8 (Line Drive, 8LD, EV 92.5 MPH)
|
Top of the 5th over - 0 runs, 1 hit, 0 errors, 1 left on base; Los Angeles 5 - Arizona 7 |
BOTTOM OF THE 5TH |
Arizona Diamondbacks batting - Pitching for Los Angeles Dodgers : RHP Scott Oberg
|
Pitching: RHP Phil Maton
|
|
Batting: RHB Tim Beckham
|
0-0: Called Strike 0-1: Foul Ball, location: 2F 0-2: Strikes out looking
|
Batting: RHB Zack Short
|
0-0: Ball 1-0: Ball 2-0: Swinging Strike 2-1: Called Strike 2-2: Foul Ball, location: 2F 2-2: Foul Ball, location: 2F 2-2: Foul Ball, location: 2F 2-2: Strikes out swinging, 2-3 out at first.
|
Batting: RHB J.B. Wendelken
|
0-0: Called Strike 0-1: Swinging Strike 0-2: Ball 1-2: Strikes out swinging
|
Bottom of the 5th over - 0 runs, 0 hits, 0 errors, 0 left on base; Los Angeles 5 - Arizona 7 |
TOP OF THE 6TH |
Los Angeles Dodgers batting - Pitching for Arizona Diamondbacks : RHP J.B. Wendelken
|
Batting: SHB Justin Smoak
|
0-0: Ball 1-0: Ball 2-0: Ball 3-0: Base on Balls
|
Pitching: RHP Jandel Gustave
|
|
Batting: RHB Evan Gattis
|
0-0: Ball 1-0: Ball 2-0: Ball 3-0: Called Strike 3-1: Foul Ball, location: 2F 3-2: Base on Balls Justin Smoak to second
|
Batting: RHB Phil Maton
|
0-0: Bunt - Flyout to 5S! F5
|
Batting: RHB Jose Peraza
|
0-0: Ball 1-0: Ball 2-0: SINGLE (Groundball, 6MD, EV 108.1 MPH) Justin Smoak to third Evan Gattis to second Runner from 3rd tries for Home, SAFE, throw by CF to home
|
Batting: RHB Mookie Betts
|
0-0: Ball 1-0: Called Strike 1-1: Ball 2-1: Ball 3-1: Swinging Strike 3-2: Base on Balls Evan Gattis to third Jose Peraza to second
|
Batting: RHB Jonathan Schoop
|
0-0: Ball 1-0: Called Strike 1-1: Called Strike 1-2: Ball 2-2: Foul Ball, location: 2F 2-2: Strikes out swinging
|
Batting: LHB Brian Goodwin
|
0-0: Fly out, F9 (Flyball, 9LS, EV 91.3 MPH)
|
Top of the 6th over - 1 run, 1 hit, 0 errors, 3 left on base; Los Angeles 6 - Arizona 7 |
BOTTOM OF THE 6TH |
Arizona Diamondbacks batting - Pitching for Los Angeles Dodgers : RHP Phil Maton
|
Batting: LHB Raimel Tapia
|
0-0: Swinging Strike 0-1: Ball 1-1: Foul Ball, location: 2F 1-2: Foul Ball, location: 2F 1-2: Ball 2-2: Fly out, F4 (Line Drive, 4, EV 71.3 MPH)
|
Pitching: RHP Keynan Middleton
|
|
Batting: LHB Socrates Brito
|
0-0: Ball 1-0: Called Strike 1-1: Ball 2-1: Fly out, F3 (Popup, 3SF, EV 75.0 MPH)
|
Batting: RHB Gleyber Torres
|
0-0: Ball 1-0: Ball 2-0: Called Strike 2-1: Foul Ball, location: 2F 2-2: Foul Ball, location: 2F 2-2: Strikes out swinging
|
Bottom of the 6th over - 0 runs, 0 hits, 0 errors, 0 left on base; Los Angeles 6 - Arizona 7 |
TOP OF THE 7TH |
Los Angeles Dodgers batting - Pitching for Arizona Diamondbacks : RHP Jandel Gustave
|
Pitching: LHP Dan Jennings
|
|
Batting: RHB Josh Donaldson
|
0-0: Called Strike 0-1: Called Strike 0-2: Ball 1-2: Ground out U3 (Groundball, 34S, EV 83.1 MPH)
|
Batting: RHB Randal Grichuk
|
0-0: Swinging Strike 0-1: Foul Ball, location: 2F 0-2: Strikes out swinging
|
Batting: SHB Justin Smoak
|
0-0: Ground out 5-3 (Groundball, 56S, EV 78.8 MPH)
|
Top of the 7th over - 0 runs, 0 hits, 0 errors, 0 left on base; Los Angeles 6 - Arizona 7 |
BOTTOM OF THE 7TH |
Arizona Diamondbacks batting - Pitching for Los Angeles Dodgers : RHP Keynan Middleton
|
Batting: LHB Ryan McMahon
|
0-0: Called Strike 0-1: Swinging Strike 0-2: Foul Ball, location: 2F 0-2: Strikes out swinging
|
Batting: SHB Francisco Mejia
|
0-0: Ball 1-0: Called Strike 1-1: Ball 2-1: Ball 3-1: Swinging Strike 3-2: Strikes out swinging
|
Pitching: RHP Jacob Barnes
|
|
Batting: LHB Alex Verdugo
|
0-0: Ball 1-0: Ball 2-0: Ball 3-0: Ground out 4-3 (Groundball, 4, EV 85.0 MPH)
|
Bottom of the 7th over - 0 runs, 0 hits, 0 errors, 0 left on base; Los Angeles 6 - Arizona 7 |
TOP OF THE 8TH |
Los Angeles Dodgers batting - Pitching for Arizona Diamondbacks : LHP Dan Jennings
|
Batting: RHB Evan Gattis
|
0-0: Called Strike 0-1: Ball 1-1: Called Strike 1-2: Ball 2-2: Ball 3-2: Base on Balls
|
Batting: RHB Jacob Barnes
|
0-0: Sac Bunt to P - play at first, batter OUT! 1-4 Evan Gattis to second
|
Batting: RHB Jose Peraza
|
0-0: Ball 1-0: Single, Error in OF, E9, batter to second base (Line Drive, 89S, EV 109.4 MPH) Evan Gattis scores
|
Batting: RHB Mookie Betts
|
0-0: Intentional Walk
|
Batting: RHB Jonathan Schoop
|
0-0: Called Strike 0-1: Ball 1-1: Ball 2-1: Foul Ball, location: 2F 2-2: Ball 3-2: Fielders Choice at 2nd, 6-4 (Groundball, 56, EV 105.0 MPH) Jose Peraza to third
|
Pitching: RHP Raynel Espinal
|
|
Batting: LHB Brian Goodwin
|
0-0: Ball 1-0: Foul Ball, location: 2F 1-1: Ball 2-1: Swinging Strike 2-2: Ball 3-2: Fly out, F7 (Flyball, 7LMF, EV 97.5 MPH)
|
Top of the 8th over - 1 run, 1 hit, 1 error, 2 left on base; Los Angeles 7 - Arizona 7 |
BOTTOM OF THE 8TH |
Arizona Diamondbacks batting - Pitching for Los Angeles Dodgers : RHP Jacob Barnes
|
Batting: RHB Tim Beckham
|
0-0: Ball 1-0: SINGLE (Groundball, 6MD, EV 100.0 MPH)
|
Batting: RHB Zack Short
|
0-0: Called Strike 0-1: Foul Ball, location: 2F 0-2: Ball 1-2: Foul Ball, location: 2F 1-2: Foul Ball, location: 2F 1-2: SINGLE (Line Drive, 8RS, EV 96.3 MPH) Tim Beckham to second
|
Batting: RHB Raynel Espinal
|
0-0: Ball 1-0: Sac Bunt to 25 - play at third, runner OUT! 5-6 Zack Short to second
|
Batting: LHB Raimel Tapia
|
0-0: Ball 1-0: Ball 2-0: Fly out, F9 (Flyball, 89M, EV 90.0 MPH)
|
Batting: LHB Socrates Brito
|
0-0: Ball Wild Pitch! Zack Short to third Raynel Espinal to second 1-0: Foul Ball, location: 2F 1-1: Fly out, F8 (Flyball, 89D, EV 105.0 MPH)
|
Bottom of the 8th over - 0 runs, 2 hits, 0 errors, 2 left on base; Los Angeles 7 - Arizona 7 |
TOP OF THE 9TH |
Los Angeles Dodgers batting - Pitching for Arizona Diamondbacks : RHP Raynel Espinal
|
Batting: RHB Josh Donaldson
|
0-0: Called Strike 0-1: Ball 1-1: Swinging Strike 1-2: Ball 2-2: Ball 3-2: Strikes out looking
|
Batting: RHB Randal Grichuk
|
0-0: Ball 1-0: DOUBLE (Line Drive, 5D, EV 108.1 MPH)
|
Batting: SHB Justin Smoak
|
0-0: Intentional Walk
|
Batting: RHB Evan Gattis
|
0-0: Ball 1-0: Ball 2-0: Called Strike 2-1: Ball 3-1: Base on Balls Randal Grichuk to third Justin Smoak to second
|
Pinch Hitting: RHB David Freese
|
0-0: Called Strike 0-1: Ball 1-1: Called Strike 1-2: Ball 2-2: Ball 3-2: SINGLE (Line Drive, 56D, EV 95.0 MPH) Randal Grichuk scores Justin Smoak to third Evan Gattis to second
|
Pitching: RHP Dillon Tate
|
|
Batting: RHB Jose Peraza
|
0-0: Ball 1-0: Ball 2-0: Called Strike 2-1: Grounds into fielders choice 5-2 (Groundball, 56, EV 84.4 MPH) Evan Gattis to third David Freese to second
|
Batting: RHB Mookie Betts
|
0-0: Called Strike 0-1: Ball 1-1: GRAND SLAM HOME RUN (Flyball, 78XD, EV 90.6 MPH), Distance : 389 ft
|
Batting: RHB Jonathan Schoop
|
0-0: Ground out 6-3 (Groundball, 6, EV 80.6 MPH)
|
Top of the 9th over - 5 runs, 3 hits, 0 errors, 0 left on base; Los Angeles 12 - Arizona 7 |
BOTTOM OF THE 9TH |
Arizona Diamondbacks batting - Pitching for Los Angeles Dodgers : RHP Jacob Barnes
|
Pitching: RHP Yoshihisa Hirano
|
|
Batting: RHB Gleyber Torres
|
0-0: Called Strike 0-1: Called Strike 0-2: Foul Ball, location: 2F 0-2: Ball 1-2: Ball 2-2: Ball 3-2: Fly out, F8 (Flyball, 78D, EV 83.8 MPH)
|
Batting: LHB Ryan McMahon
|
0-0: Ball 1-0: Ball 2-0: Foul Ball, location: 2F 2-1: Ball 3-1: Foul Ball, location: 2F 3-2: Strikes out swinging
|
Batting: SHB Francisco Mejia
|
0-0: Ball 1-0: SINGLE (Groundball, 6D, EV 104.4 MPH)
|
Batting: LHB Alex Verdugo
|
0-0: Ball 1-0: Ground out 5-3 (Groundball, 56S, EV 63.1 MPH)
|
Bottom of the 9th over - 0 runs, 1 hit, 0 errors, 1 left on base; Los Angeles 12 - Arizona 7 |
|